 Dungeon Crawl Stone Soup version 0.26-a0-651-gb41185065b (webtiles) character file.

Game seed: 15679240596661247995

(classic levelgen) 46 EnegeticOcto the Covered (level 3, -8/34 HPs)
             Began as a Deep Dwarf Fighter on Oct 9, 2020.
             Mangled by an orc warrior
             ... wielding a +0 halberd
              (13 damage)
             ... on level 3 of the Dungeon.
             The game lasted 00:00:21 (465 turns).

EnegeticOcto the Covered (Deep Dwarf Fighter)        Turns: 465, Time: 00:00:22

Health: -8/34      AC:  8    Str: 20    XL:     3   Next: 46%
Magic:  0/1        EV:  7    Int:  8    God:
Gold:   34         SH:  9    Dex: 12    Spells: 2/2 levels left

rFire    . . .     SeeInvis .   a - +0 war axe
rCold    . . .     Faith    .   c - +0 kite shield
rNeg     . . .     Spirit   +   b - +0 scale mail
rPois    .         Reflect  .   (no helmet)
rElec    .         Harm     .   (no cloak)
rCorr    .         Rampage  .   i - +0 pair of gloves (curse)
MR       .....                  (no boots)
Stlth    ..........             j - amulet of guardian spirit
HPRegen  0.00/turn              (no ring)
MPRegen  0.07/turn              (no ring)

@: non-regenerating
A: damage resistance, heal wounds, sense surroundings 1, no regeneration
a: Heal Wounds


You were on level 3 of the Dungeon.
You visited 1 branch of the dungeon, and saw 3 of its levels.

You collected 34 gold pieces.

Inventory:

Hand Weapons
 a - a +0 war axe (weapon)
Armour
 b - a +0 scale mail (worn)
 c - a +0 kite shield (worn)
 i - a cursed +0 pair of gloves (worn)
Jewellery
 j - an amulet of guardian spirit (around neck)
Scrolls
 e - a scroll of identify {unknown}
 f - a scroll of magic mapping {unknown}
 g - a scroll of remove curse {unknown}
 h - a scroll of enchant armour {unknown}
Potions
 d - a potion of might {@q3}
 k - a potion of flight {unknown}


   Skills:
 + Level 3.0 Fighting
 * Level 3.2 Axes
 + Level 3.7 Armour
 + Level 3.6 Shields


You had 2 spell levels left.
You didn't know any spells.
Your spell library was empty.

Dungeon Overview and Level Annotations

Branches:
Dungeon (3/15)

Altars:


Innate Abilities, Weirdness & Mutations

You are resistant to damage.
You can heal yourself by infusing magical energy.
You passively map a small area around you.
You do not regenerate.


Message History

No target in view!
Things that are here:
a +4 dagger; a +0 club; a goblin corpse A sky beast comes into view.
A kobold comes into view. It is wielding a +0 dagger.
The kobold shouts!
The kobold throws a stone.
You block the stone.
An orc comes into view. It is wielding a +0 trident.
Found a falchion.
You see here a stone.
The sky beast barely misses you.
You slash the sky beast!
The sky beast is heavily wounded.
An orc warrior comes into view. It is wielding a +0 halberd.
An orc priest comes into view.
The sky beast hits you but does no damage.
Your shield and scale mail prevent you from hitting the sky beast.
The sky beast is heavily wounded.
The orc warrior shouts!
The orc priest shouts!
The sky beast hits you. The sky beast shocks you.
The orc priest calls down the wrath of Beogh upon you.
Beogh smites you!
* * * LOW HITPOINT WARNING * * *
You block the kobold's attack. The sky beast barely misses you.
You are too injured to fight recklessly!
You are too injured to fight recklessly!
You are too injured to fight recklessly!
You are too injured to fight recklessly!
You are too injured to fight recklessly!
You are too injured to fight recklessly!
You are too injured to fight recklessly!
You are too injured to fight recklessly!
You are too injured to fight recklessly!
Your magical essence is drained by the effort!
You feel much better. The kobold closely misses you. The sky beast hits you.
The sky beast shocks you. The orc barely misses you.
You hit the sky beast.
The sky beast is heavily wounded.
You slash the kobold!
You kill the kobold!
The sky beast closely misses you. The orc completely misses you.
You closely miss the sky beast.
The sky beast is heavily wounded.
The sky beast flickers out of sight!
Deactivating autopickup; reactivate with Ctrl-A.
You block something's attack. Something hits you. Something shocks you.
An orc wizard comes into view. It is wielding a +0 dagger.
The orc wizard shouts!
You hear an angry hiss.
The orc hits you from afar with a +0 trident.
The orc warrior hits you with a +0 halberd!
Things that are here:
a +0 dagger; a kobold corpse You barely miss the orc warrior.
You miss something. The orc closely misses you.
You block the orc warrior's attack. Something hits you but does no damage.
The orc priest casts a cantrip, but nothing happens.
A frilled lizard comes into view.
You block the orc's attack.
You hit the orc warrior.
The orc warrior is lightly wounded.
You hit something but do no damage.
An orc comes into view. It is wielding a +0 flail.
You block the orc warrior's attack. Something hits you. Something shocks you.
You block the orc's attack.
The orc shouts!
You hit the orc warrior but do no damage.
The orc warrior is lightly wounded.
You miss something. Something hits you. Something shocks you.
* * * LOW HITPOINT WARNING * * *
You block the orc warrior's attack. You block the orc's attack.
Something hits you but does no damage.
You are too injured to fight recklessly!
You are too injured to fight recklessly!
You are too injured to fight recklessly!
You are too injured to fight recklessly!
You are too injured to fight recklessly!
You are too injured to fight recklessly!
You are too injured to fight recklessly!
You are too injured to fight recklessly!
You are too injured to fight recklessly!
You are too injured to fight recklessly!
You are too injured to fight recklessly!
You are too injured to fight recklessly!
You are too injured to fight recklessly!
You are too injured to fight recklessly!
You are too injured to fight recklessly!
You are too injured to fight recklessly!
Your magical essence is drained by the effort!
You feel much better.
The orc warrior hits you with a +0 halberd!!
Ouch! That really hurt!
* * * LOW HITPOINT WARNING * * *
The orc hits you from afar with a +0 trident.
* * * LOW HITPOINT WARNING * * *
A sky beast appears from thin air!
Reactivating autopickup.
The sky beast closely misses you.
You fail to use your ability.
The orc warrior hits you with a +0 halberd!
You die... , * ,* ... , , * *## ..# * * ,#.. .ol

, , * ,#..
#o###** * *
#...#o#.. , *
,#...#o#.# * ,
,#....o#.# *
#.#@#.#####)
#.#.#.##Y.......
#.
#.#.....(.######
#.##.###.##.##
#..#.# #.##.#
#.#.# #.##.#
#...# #.##.# * *
*#..###.##.# *
#.........#


You could see an orc warrior, a sky beast, an orc priest, an orc wizard, 2 orcs
and a frilled lizard.

Vanquished Creatures
  2 adders (D:2)
  An ooze (D:2)
  A dart slug (D:2)
  2 bats (D:2)
  2 goblins
  2 hobgoblins
  5 jackals (D:2)
  5 kobolds
  A frilled lizard (D:1)
  A rat (D:2)
22 creatures vanquished.

Notes
Turn   | Place    | Note
-------+----------+-------------------------------------------
     0 | D:1      | EnegeticOcto the Deep Dwarf Fighter began the quest for the
                  | Orb.
     0 | D:1      | Reached XP level 1. HP: 20/20 MP: 1/1
   150 | D:2      | Reached XP level 2. HP: 24/27 MP: 2/2
   180 | D:2      | Reached XP level 3. HP: 20/34 MP: 3/3
   451 | D:3      | Noticed a sky beast
   455 | D:3      | Noticed an orc warrior
   465 | D:3      | Mangled by an orc warrior

Illustrated notes

Levels and vault maps discovered:
D:1:      shiori_arrival_maze, layout_rooms
D:2:      minmay_chambers_of_ones, layout_basic, kennysheep_crisscross,
          st_stairs_3
D:3:      layout_basic, lemuel_doored_altar, overflow_temple_1_default,
          uniq_robin, uniq_ijyb

Skill      XL: |  1  2 |
---------------+-------+-----
Fighting       | 3 |  3.0
Axes           | 3 |  3.2
Armour         | |  3.7
Shields        | |  3.6

Action                   || total
-------------------------++-------
Melee: War axe           ||    55
 Abil: Heal Wounds       ||     2
Armor: Scale mail        ||    44
Dodge: Dodged            ||    36
Block: Kite shield       ||    43

Table legend: (Time is in decaauts)
 A = Elapsed time spent in this place.
 B = Non-inter-level travel time spent in this place.
 C = Inter-level travel time spent in this place.
 D = Time resting spent in this place.
 E = Time spent auto-exploring this place.
 F = Levels seen in this place.
 G = Mean time per level.
                   A        B        C        D        E       F      G
               +--------+--------+--------+--------+--------+-----+--------+
         Total |    489 |    435 |     54 |      0 |    286 |   3 |  163.0 |
       Dungeon |    489 |    435 |     54 |      0 |    286 |   3 |  163.0 |
               +--------+--------+--------+--------+--------+-----+--------+

Top non-repeatable levels by time:
     D:2: 235 daAuts
     D:1: 143 daAuts
     D:3: 110 daAuts
